 Dungeon Crawl Stone Soup version 0.18.1-48-g4cf74bf (webtiles) character file.

162 Joat the Digger (level 5, -2/31 HPs)
             Began as an Octopode Earth Elementalist on Aug 20, 2016.
             Was an Initiate of Ashenzari.
             Slain by a mummy (15 damage)
             ... in an ossuary.
             The game lasted 00:16:55 (2679 turns).

Joat the Digger (Octopode Earth Elementalist)       Turns: 2679, Time: 00:16:55

Health: -2/31      AC:  1    Str:  7    XL:     5   Next: 43%
Magic:  9/9        EV: 13    Int: 19    God:    Ashenzari [......]
Gold:   138        SH:  0    Dex: 12    Spells: 2 memorised, 5 levels left

rFire  . . .     SeeInvis .     b - +2 falchion (holy)
rCold  . . .     Gourm    .     (no shield)
rNeg   . . .     Faith    .     (helmet restricted)
rPois  +         Spirit   .     (no amulet)
rElec  .         Dismiss  .     y - ring of poison resistance
rCorr  .         Reflect  .     (no ring)
SustAt .         Harm     .     (no ring)
MR     .....                    (no ring)
Stlth  +++.......               (no ring)
                                (no ring)
                                (no ring)
                                (no ring)

@: not resistant to hostile enchantments, fairly stealthy
A: almost no armour, amphibious, 8 rings, constrict 8, camouflage 1, gelatinous
body 1
a: Curse Item, Renounce Religion


You were in an ossuary.
You worshipped Ashenzari.
Ashenzari was noncommittal.
You were not hungry.

You visited 1 branch of the dungeon, and saw 4 of its levels.
You also visited: Ossuary.

You collected 138 gold pieces.

Inventory:

Hand Weapons
 b - a +2 falchion of holy wrath (weapon)
Missiles
 a - 84 stones (quivered)
Jewellery
 w - a cursed ring of positive energy
 y - a ring of poison resistance (left tentacle)
Wands
 x - a wand of flame (48/48)
Scrolls
 d - 2 scrolls of identify
 e - a scroll of teleportation {unknown}
 f - a scroll of recharging
 g - a scroll of magic mapping
 k - a scroll of fog {unknown}
 q - 2 scrolls of random uselessness {unknown}
 s - a scroll of enchant armour {unknown}
Potions
 i - 2 potions of curing
 j - 2 potions of cure mutation {unknown}
 n - a potion of beneficial mutation {unknown}
 p - a potion of flight
 r - 2 potions of lignification {unknown}
 t - 3 potions of degeneration {unknown}
 u - a potion of brilliance {unknown}
 v - a potion of heal wounds {unknown}
 z - a potion of might {unknown}
Books
 h - a book of Geomancy

   Spells                             Type                      Level
   a - Sandblast                      Earth                        1
   b - Passwall                       Transmutation/Earth          2
   c - Stone Arrow                    Conjuration/Earth            3
   d - Petrify                        Transmutation/Earth          4
   e - Lee's Rapid Deconstruction     Earth                        5
 o - a book of Enchantments

   Spells                             Type                      Level
   a - Cause Fear                     Hexes                        4
   b - Yara's Violent Unravelling     Hexes/Transmutation          5
   c - Silence                        Hexes/Air                    5
   d - Deflect Missiles               Charms/Air                   6
   e - Haste                          Charms                       6
   f - Discord                        Hexes                        8
Comestibles
 c - 4 bread rations
 l - 4 fruits
 m - a royal jelly


   Skills:
 + Level 3.1 Dodging
 - Level 2.6 Stealth
 + Level 2.7 Spellcasting
   Level 1.0 Transmutations
 * Level 4.9 Earth Magic


You had 5 spell levels left.
You knew the following spells:

 Your Spells              Type           Power        Failure   Level  Hunger
a - Sandblast             Erth           ###...       1%          1    None
z - Stone Arrow           Conj/Erth      ##....       17%         3    ###....


Dungeon Overview and Level Annotations

Branches:
Dungeon (4/15)
 Temple: D:4-7

Altars:
Ashenzari


Innate Abilities, Weirdness & Mutations

You cannot wear most types of armour.
You are amphibious.
You can wear up to eight rings at the same time.
You can use your tentacles to constrict eight enemies at once.
Your skin changes colour to match your surroundings (Stealth).
Your rubbery body absorbs attacks (AC +1).


Message History

You barely miss the big kobold zombie. You grab the big kobold zombie.
You constrict the big kobold zombie. The big kobold zombie hits you.
You slash the big kobold zombie!
The big kobold zombie convulses!
You constrict the big kobold zombie.
You destroy the big kobold zombie!
You slash the kobold zombie!
The kobold zombie convulses.
You destroy the kobold zombie!
You hit the hobgoblin zombie.
The hobgoblin zombie convulses.
You destroy the hobgoblin zombie!
The mummy barely misses you.
You barely miss the mummy. Your grab misses the mummy.
You barely miss the mummy. You grab the mummy.
You constrict the mummy, but do no damage.
The mummy hits you!!
Ouch! That really hurt!
* * * LOW HITPOINT WARNING * * *
You release your grip on the mummy.
Drink which item? (? for menu, Esc to quit)
It was a potion of curing.
You feel better. The mummy hits you!
You die...

...........
#........
#......
#....#
#....#
#....#
#....#
#..MM#
#...@#
#....#
#....#
#.∩∩.#
######


You could see 2 mummies.

Vanquished Creatures
  2 orc priests (D:3)
  A big kobold zombie (Ossuary)
  2 adders
  A worm (D:2)
  2 dart slugs (D:1)
  3 giant geckos
  5 orcs (D:3)
  5 bats
  A giant cockroach (D:2)
  A gnoll zombie (Ossuary)
  5 goblins
  9 hobgoblins
  2 jackals (D:2)
  4 kobolds
  A ball python (D:1)
  A hobgoblin zombie (Ossuary)
  A kobold zombie (Ossuary)
  2 orc zombies (Ossuary)
  5 rats
53 creatures vanquished.

Notes
Turn   | Place    | Note
--------------------------------------------------------------
     0 | D:1      | Joat the Octopode Earth Elementalist began the quest for the Orb.
     0 | D:1      | Reached XP level 1. HP: 11/11 MP: 3/3
   279 | D:1      | Reached XP level 2. HP: 17/17 MP: 1/5
  1090 | D:1      | Reached XP level 3. HP: 21/21 MP: 3/6
  1219 | D:1      | Learned a level 3 spell: Stone Arrow
  1844 | D:2      | Reached skill level 4 in Earth Magic
  1895 | D:2      | Found a shattered altar of Ashenzari.
  1914 | D:2      | Became a worshipper of Ashenzari the Shackled
  2008 | D:3      | Reached XP level 4. HP: 27/27 MP: 5/7
  2115 | D:3      | Reached XP level 5. HP: 21/31 MP: 1/9
  2613 | D:4      | Found a sand-covered staircase.
  2623 | Ossuary  | Entered an ossuary
  2679 | Ossuary  | Slain by a mummy

Skill      XL: |  1  2  3  4 |
---------------+-------------+-----
Earth Magic    | 4 |  4.9
Dodging        | 3 |  3.1
Stealth        | |  2.6
Spellcasting   | |  2.7
Transmutations | |  1.0

Action                   |  1- 3 |  4- 6 || total
-------------------------+-------+-------++-------
Melee: Unarmed           |     8 |     6 ||    14
       Constrict         |    12 |     7 ||    19
       Whip              |    27 |       ||    27
       Tentacles         |     2 |     2 ||     4
       Falchion          |       |    23 ||    23
 Cast: Sandblast         |    61 |    12 ||    73
Invok: Curse Item        |       |     1 ||     1
  Use: Scroll            |       |     3 ||     3
       Potion            |       |     1 ||     1
 Stab: Sleeping          |     3 |     3 ||     6
  Eat: Chunk             |     4 |     2 ||     6
Armor: Skin              |     9 |       ||     9
Dodge: Dodged            |    34 |    15 ||    49
